 Dungeon Crawl Stone Soup version 0.28-a0-413-gde365fb1df (webtiles) character file.

Game seed: 8115206773956131704

1311 Demosthentine the Spear-Bearer (level 8, -7/60 (64) HPs)
             Began as a Merfolk Gladiator on Sept 7, 2021.
             Mangled by a wight (14 damage)
             ... on level 5 of the Dungeon.
             The game lasted 00:05:27 (6042 turns).

Demosthentine the Spear-Bearer (Merfolk Gladiator)  Turns: 6042, Time: 00:05:27

HP:   -7/60 (64)    AC:  8    Str: 16    XL:     8   Next: 58%
MP:   8/8           EV: 15    Int:  7    God:
Gold: 146           SH:  5    Dex: 16    Spells: 7/7 levels left

rFire   . . .      SeeInvis .   a - +0 trident
rCold   . . .      Faith    .   (no shield)
rNeg    . . .      Spirit   .   b - +0 leather armour
rPois   .          Reflect  +   c - +0 helmet
rElec   .          Harm     .   s - +0 cloak
rCorr   .          Rampage  .   l - +0 pair of gloves
Will    .....                   m - +0 pair of boots
Stlth   +.........              p - amulet of reflection
HPRegen 0.20/turn               (no ring)
MPRegen 0.11/turn               (no ring)

@: drained
A: (nimble swimmer 2), mertail
a: no special abilities


You were on level 5 of the Dungeon.
You visited 1 branch of the dungeon, and saw 5 of its levels.

You collected 146 gold pieces.

Inventory:

Hand Weapons
 a - a +0 trident (weapon)
Missiles
 d - 2 throwing nets (quivered)
Armour
 b - a +0 leather armour (worn)
 c - a +0 helmet (worn)
 l - a +0 pair of gloves (worn)
 m - a +0 pair of boots (worn)
 s - a +0 cloak (worn)
Jewellery
 p - an amulet of reflection (around neck)
 u - a ring of ice
Wands
 n - a wand of iceblast (10)
Scrolls
 i - a scroll of teleportation
 o - a scroll of fog
 q - a scroll of immolation {unknown}
 r - a scroll of identify
 t - a scroll of silence {unknown}
 v - a scroll of amnesia
Potions
 e - 4 potions of curing
 f - 2 potions of magic {unknown}
 g - a potion of berserk rage
 h - a potion of brilliance
 j - 2 potions of heal wounds {unknown}
 k - a potion of flight {unknown}


   Skills:
 + Level 5.9 Fighting
 + Level 8.5 Polearms
 - Level 2.0 Throwing
 + Level 3.6 Armour
 + Level 7.7 Dodging


You had 7 spell levels left.
You didn't know any spells.
Your spell library contained the following spells:

 Spells                   Type           Power      Damage    Failure   Level
 Apportation              Tloc           0%         N/A       50%         1
 Alistair's Intoxication  Tmut/Pois      0%         N/A       100%        5
 Invisibility             Hex            0%         N/A       100%        6


Dungeon Overview and Level Annotations

Branches:
Dungeon (5/15)
 Temple: D:4-7

Altars:
Fedhas
Kikubaaqudgha


Innate Abilities, Weirdness & Mutations

((You are quick and stealthy near water. (Stealth+, EV+, Speed+++)))
Your lower body shifts to a powerful aquatic tail in water.


Message History

Items here: )))) [ รทรทรท.
Reach: a) +0 trident
Press: ? - help, Dir - move target, f - you That would be overly suicidal.
Okay, then.
Unknown command.
Unknown command.
Reach: a) +0 trident
Press: ? - help, Dir - move target, f - wight
Aim: a wight, wielding a +2 morningstar and wearing a +0 robe (about 35% to evade your +0 trident)
You reach to attack!
You hit the wight but do no damage.
Unknown command.
You hit the wight but do no damage.
The wight hits you with a +2 morningstar!
You hit the wight.
The wight is lightly damaged.
The wight misses you. The wight hits you but does no damage.
You barely miss the wight.
The wight is lightly damaged.
The wight hits you from afar with a +2 halberd!
The wight closely misses you.
You puncture the wight!
The wight is heavily damaged.
The wight barely misses you.
You barely miss the wight.
The wight is heavily damaged.
The wight hits you with a +2 morningstar.
* * * LOW HITPOINT WARNING * * *
You feel drained.
* * * LOW HITPOINT WARNING * * *
The wight closely misses you. The wight closely misses you. x2
There is a large open door, spattered with blood here.
Unknown command.
The wight hits you from afar with a +2 halberd!
* * * LOW HITPOINT WARNING * * *
The wight misses you.
There is a large open door here.
The wight hits you with a +2 morningstar!
You die...

........#.............#..........
.......<#.##.........))..########
.........)............###########
............>.........)....))....
......).).........######.#######.
.......)..........# #.# ###.
.......##.........#### #.# #...
.>.....##.##.........##### # ####
.......##.##....@....#8###8#
.......##.......z...........
#############...............
##....##..#..z.........
##......##.#.....#8###8#
###........#######.#### #
#.'....#...'.#####....#
#.'...#....'...z......#
#.#........#..........#


You could see 2 wights.

Vanquished Creatures
  The ghost of jimbles the Insei, an amateur GnTm (D:4)
  A sky beast (D:5)
  A black bear (D:5)
  An ogre (D:5)
  2 centaurs (D:5)
  A water moccasin zombie (D:5)
  2 scorpions (D:4)
  A wight (D:5)
  A bullfrog zombie (D:5)
  3 hounds
  A gnoll shaman (D:5)
  Jessica (D:2)
  3 iguanas (D:5)
  An orc wizard (D:5)
  A howler monkey zombie (D:5)
  3 gnolls (D:5)
  10 adders
  A worm (D:2)
  2 dart slugs (D:3)
  18 orcs
  6 bats
  9 endoplasms
  3 giant cockroaches
  4 goblins
  3 hobgoblins
  4 jackals (D:1)
  4 quokkas
  8 ball pythons
  4 frilled lizards
  8 kobolds
  7 rats
115 creatures vanquished.

Vanquished Creatures (others)
  An orc wizard (D:5)
1 creature vanquished.

Grand Total: 116 creatures vanquished

Notes
Turn   | Place    | Note
-------+----------+-------------------------------------------
     0 | D:1      | Demosthentine the Merfolk Gladiator began the quest for the
                  | Orb.
     0 | D:1      | Reached XP level 1. HP: 16/16 MP: 1/1
   189 | D:1      | Reached XP level 2. HP: 23/23 MP: 2/2
   625 | D:1      | Reached XP level 3. HP: 19/28 MP: 3/3
   931 | D:2      | Reached skill level 5 in Polearms
   974 | D:2      | Found a faded altar of an unknown god.
   991 | D:2      | Reached skill level 1 in Armour
  1278 | D:2      | You fall into a shaft and drop 2 floors!
  1332 | D:4      | Noticed a scorpion
  1339 | D:4      | Killed a scorpion
  1340 | D:4      | Reached skill level 5 in Dodging
  1340 | D:4      | Reached XP level 4. HP: 27/35 MP: 4/4
  1421 | D:4      | Reached XP level 5. HP: 40/41 MP: 5/5
  2105 | D:2      | Noticed Jessica
  2119 | D:2      | Killed Jessica
  2742 | D:3      | Reached skill level 6 in Polearms
  3578 | D:4      | Found a runed translucent gate.
  3578 | D:4      | Found a runed translucent gate.
  3578 | D:4      | Found a runed translucent gate.
  3579 | D:4      | Noticed jimbles's ghost (amateur GnTm)
  3609 | D:4      | Reached XP level 6. HP: 46/48 MP: 6/6
  4160 | D:4      | Found an ancient bone altar of Kikubaaqudgha.
  4167 | D:4      | Found a blossoming altar of Fedhas.
  4675 | D:4      | Killed jimbles's ghost
  4676 | D:4      | Reached XP level 7. HP: 55/55 MP: 7/7
  4703 | D:5      | Entered Level 5 of the Dungeon
  4757 | D:5      | Reached skill level 7 in Polearms
  4993 | D:5      | Reached skill level 5 in Fighting
  5097 | D:5      | Reached XP level 8. HP: 14/62 MP: 8/8
  5568 | D:5      | Reached skill level 8 in Polearms
  6021 | D:5      | HP: 3/60 [wight (11)]
  6042 | D:5      | Mangled by a wight

Illustrated notes

Levels and vault maps discovered:
D:1:      amcnicky_arrival_feature_with_door, layout_loops_ring
D:2:      layout_basic, ebering_ecumenical_altar_box, corexii_corridor_pit,
          uniq_jessica
D:3:      minmay_angry_zag, layout_loops_corners
D:4:      layout_layer_cave, grunt_temple_overflow_growth_and_decay,
          ebering_ghost_rock_garden
D:5:      layout_basic, serial_corexii_hall, corexii_hall_statues_x,
          chequers_hall_statues_wall_a, corexii_hall_statues_t,
          corexii_hall_statues_x, corexii_hall_statues_x,
          corexii_hall_statues_x, kennysheep_generic_room_3

Skill      XL: |  1  2  3  4  5  6  7  8 |
---------------+-------------------------+-----
Polearms       | 5 6 7 8 |  8.5
Armour         | 1 2 3 |  3.6
Fighting       | 3 4 5 |  5.9
Dodging        | 5 6 7 |  7.7
Throwing       | |  2.0

Action                   |  1- 3 |  4- 6 |  7- 9 || total
-------------------------+-------+-------+-------++-------
Melee: Trident           |   118 |   169 |   215 ||   502
Throw: Throwing net      |     1 |       |       ||     1
  Use: Scroll            |     4 |     7 |       ||    11
       Potion            |       |     1 |       ||     1
 Stab: Sleeping          |     6 |     2 |       ||     8
       Distracted        |       |       |     1 ||     1
Armor: Leather armour    |    26 |    36 |    45 ||   107
Dodge: Dodged            |    66 |    95 |   131 ||   292
Block: Other             |       |       |    46 ||    46
       Reflection        |       |       |     2 ||     2

Table legend: (Time is in decaauts)
 A = Elapsed time spent in this place.
 B = Non-inter-level travel time spent in this place.
 C = Inter-level travel time spent in this place.
 D = Time resting spent in this place.
 E = Time spent auto-exploring this place.
 F = Levels seen in this place.
 G = Mean time per level.
                   A        B        C        D        E       F      G
               +--------+--------+--------+--------+--------+-----+--------+
         Total |   6039 |   5954 |     85 |      0 |   4884 |   5 | 1207.8 |
       Dungeon |   6039 |   5954 |     85 |      0 |   4884 |   5 | 1207.8 |
               +--------+--------+--------+--------+--------+-----+--------+

Top non-repeatable levels by time:
     D:4: 1642 daAuts
     D:5: 1320 daAuts
     D:2: 1101 daAuts
     D:3: 1053 daAuts
     D:1: 921 daAuts
